 Dungeon Crawl Stone Soup version 0.30.0-19-g36f170ea60 (webtiles) character file.

Game seed: 977548646230864555

3248 PaiMei the Merchant of Misery (level 9, -1/71 HPs)
             Began as a Demonspawn Necromancer on June 2, 2023.
             Was a Believer of Kikubaaqudgha.
             Slain by a harpy zombie (3 damage)
             ... on level 9 of the Dungeon.
             The game lasted 00:29:23 (12677 turns).

PaiMei the Merchant of Misery (DsNe)               Turns: 12677, Time: 00:29:24

Health: -1/71      AC: 15    Str:  8    XL:     9   Next: 67%
Magic:  27/27      EV: 13    Int: 20    God:    Kikubaaqudgha [**....]
Gold:   476        SH:  0    Dex: 15    Spells: 17/21 levels left

rFire   . . .        D - +2 rapier (venom)
rCold   . . .        (no shield)
rNeg    . . .        I - +0 steam dragon scales
rPois   .            y - +0 helmet
rElec   .            K - +0 cloak
rCorr   .            (no gloves)
SInv    +            m - +2 pair of boots
Will    .....        (no amulet)
Stlth   ++           A - ring of magical power
HPRegen 0.31/turn    w - ring of see invisible
MPRegen 0.20/turn

%: no passive effects
@: studying Throwing
A: icy blue scales 2, demonic touch 2
a: Renounce Religion, Unearth Wretches


You were on level 9 of the Dungeon.
You worshipped Kikubaaqudgha.
Kikubaaqudgha was pleased with you.
You visited 2 branches of the dungeon, and saw 10 of its levels.
You also visited: Sewer and Ossuary.

You collected 476 gold pieces.

Inventory:

Hand Weapons
 D - a +2 rapier of venom (weapon)
 J - a +4 halberd of protection
Missiles
 a - 3 throwing nets
 i - 107 stones
 n - 10 datura-tipped darts (quivered)
 B - 5 atropa-tipped darts
 E - 7 poisoned darts
Armour
 m - a +2 pair of boots (worn)
 y - a +0 helmet (worn)
 I - +0 steam dragon scales (worn)
 K - a +0 cloak (worn)
Jewellery
 e - an amulet of guardian spirit
 j - an amulet of faith
 w - a ring of see invisible (right hand)
 A - a ring of magical power (left hand)
Wands
 x - a wand of paralysis (6)
Scrolls
 d - 4 scrolls of fear
 g - 2 scrolls of blinking
 h - a scroll of summoning {unknown}
 l - 2 scrolls of amnesia {unknown}
 q - 2 scrolls of teleportation {unknown}
 s - a scroll of brand weapon {unknown}
 u - 2 scrolls of enchant weapon {unknown}
 v - 4 scrolls of identify {unknown}
 C - a scroll of magic mapping {unknown}
 F - 2 scrolls of poison {unknown}
 H - a scroll of vulnerability {unknown}
Potions
 b - 4 potions of magic
 c - a potion of flight {unknown}
 f - 3 potions of brilliance {unknown}
 k - 6 potions of heal wounds {unknown}
 o - 7 potions of might {unknown}
 p - 3 potions of mutation {unknown}
 r - 4 potions of haste {unknown}
 t - a potion of berserk rage {unknown}
 z - 4 potions of curing {unknown}
 G - 2 potions of degeneration {unknown}
 L - a potion of lignification {unknown}
Miscellaneous
 M - a phantom mirror


   Skills:
 + Level 6.6 Fighting
 - Level 5.5 Armour
 + Level 3.0 Dodging
 - Level 2.0 Stealth
 + Level 6.5 Spellcasting
 + Level 8.8 Necromancy


You had 17 spell levels left.
You knew the following spells:

 Your Spells              Type           Power      Damage    Failure   Level
a - Necrotise             Necr           100%       1d9       1%          1
b - Vampiric Draining     Necr           41%        2d8       1%          3

Your spell library contained the following spells:

 Spells                   Type           Power      Damage    Failure   Level
 Sublimation of Blood     Necr           41%        N/A       1%          2
 Animate Dead             Necr           41%        N/A       2%          4
 Agony                    Necr           41%        N/A       8%          5
 Shock                    Conj/Air       24%        1d4       10%         1
 Dazzling Flash           Conj/Hex       12%        N/A       30%         3
 Portal Projectile        Hex/Tloc       12%        N/A       30%         3
 Swiftness                Air            6%         N/A       30%         3
 Tukima's Dance           Hex            6%         N/A       30%         3
 Volatile Blastmotes      Fire/Tloc      12%        2d11      30%         3
 Airstrike                Air            3%         2d(1-17)  69%         4
 Iskenderun's Mystic Bla  Conj/Tloc      6%         2d4       69%         4
 Blade Hands              Tmut           3%         N/A       95%         5
 Starburst                Conj/Fire      3%         6d3       100%        6


Dungeon Overview and Level Annotations

Branches:
Dungeon (9/15)             Temple (1/1) D:6             Orc (0/2) D:9
  Sewer (visited)         Ossuary (visited)
   Lair: D:8-11

Altars:
Ashenzari
Cheibriados
Dithmenos
Fedhas
Hepliaklqana
Kikubaaqudgha
Makhleb
Nemelex Xobeh
Okawaru
Ru
Trog
Uskayaw
Vehumet
Wu Jian
Xom
Yredelemnul

Shops:
D:2 (

Portals:
Abyss: D:8

Annotations:
D:8 2 transporters, Kamelo's ghost, novice GrEE


Innate Abilities, Weirdness & Mutations

You are mostly covered in icy blue scales. (AC +3)
Your touch may inflict irresistible damage on your foes.


Message History

The hellwing swoops through the air toward you!
The hellwing hits you but does no damage.
The hellwing closely misses you. The harpy zombie barely misses you.
The harpy zombie misses you.
You barely miss the hellwing.
The harpy zombie claws you but does no damage. x3
The harpy zombie closely misses you. The hellwing hits you. x2
The hellwing hits you but does no damage.
The hellwing hits you.
* * * LOW HITPOINT WARNING * * *
The hellwing attacks as you move away!
The hellwing hits you but does no damage.
The hellwing closely misses you.
The harpy zombie claws you but does no damage. x2
The hellwing swoops through the air toward you!
The hellwing barely misses you.
The hellwing hits you but does no damage.
The harpy zombie barely misses you.
The harpy zombie claws you but does no damage.
The hellwing hits you but does no damage.
The hellwing barely misses you.
The harpy zombie claws you but does no damage.
The harpy zombie closely misses you. The hellwing hits you.
* * * LOW HITPOINT WARNING * * *
The hellwing completely misses you. The harpy zombie claws you.
* * * LOW HITPOINT WARNING * * *
The harpy zombie claws you.
* * * LOW HITPOINT WARNING * * *
The harpy zombie attacks as you move away!
The harpy zombie claws you!
* * * LOW HITPOINT WARNING * * *
The harpy zombie claws you.
* * * LOW HITPOINT WARNING * * *
Blink to where?
Press: ? - help, Dir - move target
As you read the scroll of blinking, it crumbles to dust.
The harpy zombie claws you.
You die...
Kikubaaqudgha rasps: "You have failed me!
Welcome... death!"

#.......#
#.......#
#....# .
#.......#
#....#: #
#.......#
#....#
#.......# #....
#.......# #...
#.......# #..#
#..####.# #..#
#..####.####.@#
#..#.........Z#
#..#..######54#
#..#...## #..#
#..#....# #..#
#..#...#####..#
#..#..###.##..#
#..#.###...#..#
#..#..#.......#


You could see a hellwing, a shadow imp and a harpy zombie.

Vanquished Creatures
  Maggie (D:6)
  3 steam dragons
  Duvessa (D:4)
  A water moccasin (D:7)
  3 orc warriors
  2 sky beasts
  An ogre (D:7)
  An elf zombie (Ossuary)
  3 bullfrogs
  A kobold brigand (Sewer)
  A necrophage (D:8)
  3 scorpions
  Dowan (D:4)
  2 howler monkeys
  4 centaur zombies (Ossuary)
  2 jellies
  3 hounds
  2 orc priests
  2 gnoll boudas
  4 iguanas
  4 orc wizards
  An ogre zombie (Ossuary)
  A hound skeleton (D:8)
  4 mummies (Ossuary)
  12 gnolls
  10 adders
  8 river rats
  A shadow imp (D:7)
  An ufetubus (D:6)
  2 adder zombies (Ossuary)
  3 worms
  4 dart slugs
  19 orcs
  7 bats
  4 endoplasms
  4 giant cockroaches
  7 goblins
  8 hobgoblins
  5 jackals (Sewer)
  6 quokkas
  7 ball pythons
  3 frilled lizards
  4 goblin zombies (Ossuary)
  4 hobgoblin zombies (Ossuary)
  7 kobolds
  3 kobold zombies (Ossuary)
  6 quokka zombies (Ossuary)
  10 rats
  5 rat zombies (Ossuary)
201 creatures vanquished.

Vanquished Creatures (collateral kills)
  A ball python (Sewer)
  3 rats (Sewer)
4 creatures vanquished.

Grand Total: 205 creatures vanquished

Notes
Turn   | Place    | Note
-------+----------+-------------------------------------------
     0 | D:1      | PaiMei the Demonspawn Necromancer began the quest for the
                  | Orb.
     0 | D:1      | Reached XP level 1. HP: 13/13 MP: 3/3
   542 | D:1      | Found a faded altar of an unknown god.
   545 | D:1      | Gained mutation: Your touch may inflict minor irresistible
                  | damage on your foes. [demonic ancestry]
   545 | D:1      | Reached XP level 2. HP: 19/19 MP: 3/5
  1252 | D:2      | Found Xoutid's Antique Weapon Shop.
  1271 | D:2      | Reached XP level 3. HP: 20/25 MP: 0/6
  1561 | D:2      | Reached skill level 1 in Fighting
  1843 | D:2      | Reached skill level 1 in Armour
  2311 | D:2      | Learned a level 3 spell: Vampiric Draining
  2459 | D:3      | Reached XP level 4. HP: 32/32 MP: 5/7
  2538 | D:3      | Found a blossoming altar of Fedhas.
  2623 | D:3      | Noticed a scorpion
  2835 | D:4      | Reached skill level 5 in Necromancy
  3325 | D:4      | Gained mutation: You are partially covered in icy blue
                  | scales. (AC +2) [demonic ancestry]
  3325 | D:4      | Reached XP level 5. HP: 38/38 MP: 9/9
  3760 | D:4      | Found a shimmering altar of Xom.
  3829 | D:4      | Noticed Dowan
  3833 | D:4      | Noticed Duvessa
  4336 | D:4      | Killed Duvessa
  4337 | D:4      | Reached XP level 6. HP: 45/46 MP: 4/11
  4448 | D:4      | Killed Dowan
  4748 | D:5      | Entered Level 5 of the Dungeon
  4949 | D:5      | Reached skill level 6 in Necromancy
  4949 | D:5      | Reached XP level 7. HP: 51/52 MP: 12/12
  5076 | D:5      | Found a glowing drain.
  5101 | Sewer    | Entered a sewer
  6831 | D:5      | Gained mutation: Your touch may inflict irresistible damage
                  | on your foes. [demonic ancestry]
  6831 | D:5      | Reached XP level 8. HP: 60/60 MP: 14/14
  6997 | D:6      | Noticed Maggie
  7592 | D:6      | Reached skill level 7 in Necromancy
  7758 | D:6      | Reached skill level 5 in Spellcasting
  7927 | D:6      | Killed Maggie
  7928 | D:6      | Reached skill level 5 in Fighting
  8077 | D:6      | Found a staircase to the Ecumenical Temple.
  8092 | Temple   | Entered the Ecumenical Temple
  8156 | Temple   | Became a worshipper of Kikubaaqudgha
  8510 | D:7      | Found a sand-covered staircase.
  8686 | Ossuary  | Entered an ossuary
  8797 | Ossuary  | Reached skill level 5 in Armour
  9008 | Ossuary  | Reached * piety under Kikubaaqudgha
  9008 | Ossuary  | Received a gift from Kikubaaqudgha
  9076 | Ossuary  | Gained mutation: You are mostly covered in icy blue scales.
                  | (AC +3) [demonic ancestry]
  9076 | Ossuary  | Reached XP level 9. HP: 61/68 MP: 17/17
  9132 | Ossuary  | Noticed Menkaure
  9813 | D:7      | Reached skill level 8 in Necromancy
 10830 | D:8      | Reached ** piety under Kikubaaqudgha
 11228 | D:8      | Found an ornate altar of the Wu Jian Council.
 11333 | D:8      | Found a transporter.
 11383 | D:8      | Found a transporter.
 11416 | D:8      | Found a one-way gate to the infinite horrors of the Abyss.
 11416 | D:8      | Noticed Kamelo's ghost (novice GrEE)
 11438 | D:8      | Noticed a brown ugly thing
 11547 | D:8      | Found a broken altar of Ashenzari.
 11731 | D:8      | Found a snail-covered altar of Cheibriados.
 11800 | D:8      | Found a sacrificial altar of Ru.
 12050 | D:8      | Noticed a cyan ugly thing
 12084 | D:8      | Found a burning altar of Makhleb.
 12426 | D:9      | Found a staircase to the Orcish Mines.
 12632 | D:9      | Noticed a hellwing
 12633 | D:9      | Noticed a hellwing
 12675 | D:9      | HP: 3/71 [harpy zombie (11)]
 12675 | D:9      | HP: 1/71 [harpy zombie (2)]
 12677 | D:9      | Slain by a harpy zombie

Illustrated notes

Levels and vault maps discovered:
D:1:      heliophobic_arrival_henge, layout_loops_corners,
          hellmonk_ecumenical_altar_arch_garden, chequers_serial_rivers_small_a
D:2:      layout_basic, serial_shops, shop
D:3:      layout_rooms, mainiacjoe_overflow_divided_tiny, minmay_between
D:4:      cheibrodos_quashed, layout_layer_cave,
          mainiacjoe_overflow_tiny_flanked, amcnicky_altar_gilded,
          minmay_door_square, minivault_25, uniq_duvessa
D:5:      layout_loops_ring, gup_sewer_entry_bowl
D:6:      layout_basic, minmay_temple_entry_grid, uniq_maggie
D:7:      layout_basic, lightli_ossuary_entry_decrepit_ruins
D:8:      layout_loops_ring, kennysheep_mini_moat, mainiacjoe_overflow_24_doors,
          mainiacjoe_overflow_small_starburst, old_standard_altar,
          makhleb_blood_cavern_becter, gammafunk_ghost_abyssal_escape,
          hangedman_decor_slide_cut
D:9:      cheibrodos_grave_circle, layout_long_grid, david_orc_3,
          nicolae_straight_to_the_point
Temple:   nicolae_temple_god_jail

Skill      XL: |  1  2  3  4  5  6  7  8  9 |
---------------+----------------------------+-----
Stealth        | 2 |  2.0
Dodging        | 2 3 |  3.0
Fighting       | 1 2 3 4 5 6 |  6.6
Armour         | 1 2 3 5 |  5.5
Necromancy     | 5 6 7 8 |  8.8
Spellcasting   | 3 4 5 6 |  6.5

Action                     |  1- 3 |  4- 6 |  7- 9 || total
---------------------------+-------+-------+-------++-------
  Melee: Rapier            |    17 |    10 |   155 ||   182
         Dagger            |     5 |       |       ||     5
         Touch             |     3 |     1 |    29 ||    33
         Punch             |       |     1 |     4 ||     5
   Cast: Necrotise         |    78 |    83 |   142 ||   303
         Vampiric Draining |       |    16 |    82 ||    98
    Use: Scroll            |       |       |     2 ||     2
   Stab: Sleeping          |       |       |     3 ||     3
 Armour: Robe              |    15 |    10 |    15 ||    40
         Steam dragon scal |       |       |   104 ||   104
  Dodge: Dodged            |    29 |    28 |   189 ||   246
